 Dungeon Crawl Stone Soup version 0.30-a0-694-g3340775977 (webtiles) character file.

Game seed: 16231701505177100953

15 Fenrisus the Shooter (level 2, -8/23 HPs)
             Began as a Formicid Hunter on Jan 20, 2023.
             Killed by an exploding jackal (19 damage)
             ... ignited by their inner flame
             ... on level 1 of the Dungeon.
             The game lasted 00:01:59 (452 turns).

Fenrisus the Shooter (Formicid Hunter)               Turns: 452, Time: 00:01:59

Health: -8/23      AC:  6    Str: 15    XL:     2   Next: 65%
Magic:  2/2        EV: 10    Int:  8    God:
Gold:   10         SH:  0    Dex: 17    Spells: 1/1 levels left

rFire   . . .      SeeInvis +    a - +0 shortbow
rCold   . . .      Faith    .    (no shield)
rNeg    . . .      Spirit   .    d - +0 scale mail
rPois   .          Reflect  .    (helmet unavailable)
rElec   .          Harm     .    (no cloak)
rCorr   .          Rampage  .    (no gloves)
Will    .....                    (no boots)
Stlth   +                        (no amulet)
HPRegen 0.23/turn                (no ring)
MPRegen 0.08/turn                (no ring)

@: no status effects
A: permanent stasis, dig shafts and tunnels, antennae 3, four strong arms
a: Dig, Shaft Self


You were on level 1 of the Dungeon.
You visited 1 branch of the dungeon, and saw 1 of its levels.

You collected 10 gold pieces.

Inventory:

Hand Weapons
 a - a +0 shortbow (weapon)
Armour
 d - a +0 scale mail (worn)
Scrolls
 g - a scroll of teleportation {unknown}
Potions
 c - a potion of might {unknown}
 e - a potion of heal wounds {unknown}
 f - a potion of attraction {unknown}


   Skills:
 + Level 2.4 Fighting
 + Level 4.1 Ranged Weapons
 + Level 2.1 Dodging
 + Level 1.9 Stealth


You had one spell level left.
You didn't know any spells.
Your spell library contained the following spells:

 Spells                   Type           Power      Damage    Failure   Level
 Summon Forest            Summ/Tloc      0%         N/A       100%        5
 Eringya's Noxious Bog    Tmut/Pois      0%         N/A       100%        6
 Summon Hydra             Summ           0%         N/A       100%        7


Dungeon Overview and Level Annotations

Branches:
Dungeon (1/15)

Altars:


Innate Abilities, Weirdness & Mutations

You cannot be hasted, slowed, berserked, paralysed or teleported.
You can dig through walls and to a lower floor.
You have a pair of large antennae on your head. (SInv)
Your four strong arms can wield two-handed weapons with a shield.


Message History

The jackal bites you.
The jackal bites you but does no damage.
The kobold completely misses you. The jackal closely misses you. x2
The jackal attacks as you move away! The jackal closely misses you.
The jackal attacks as you move away! The jackal bites you.
The kobold attacks as you move away! The kobold closely misses you.
The jackal bites you.
The jackal bites you but does no damage. x2
Read: scroll of immolation
Press: ? - help, Q - select action, (/) - cycle Dir - look around, f - activate
As you read the scroll of immolation, it crumbles to dust.
The creatures around you are filled with an inner flame!
The jackal bites you but does no damage.
The jackal completely misses you. The jackal bites you.
The jackal attacks as you move away!
The jackal bites you but does no damage. x2
The jackal attacks as you move away! The jackal barely misses you.
The jackal attacks as you move away! The jackal misses you.
You shoot an arrow. The arrow closely misses the jackal.
The arrow barely misses the jackal.
The arrow barely misses the kobold.
The arrow hits the dart slug.
The dart slug is heavily wounded.
The jackal bites you. The jackal barely misses you. The jackal misses you.
The jackal bites you but does no damage.
The jackal misses you.
You shoot an arrow.
The arrow hits the jackal but does no damage.
The jackal barely misses you.
The jackal bites you but does no damage. x2
The jackal closely misses you. The jackal bites you.
You are too injured to fight recklessly!
You are too injured to fight recklessly!
You shoot an arrow. The arrow hits the jackal.
Flame seeps out of the jackal.
The jackal is almost dead.
The jackal is engulfed in blazing flames.
The jackal explodes!
The fiery explosion engulfs the jackal!!
The fiery explosion engulfs you!!
Ouch! That really hurt!
You die...

.# ##### #.........# .#
#...# #.#######.# .# #...#
#.# ####.# .# #...# #.#
#.##.#
.######...######.####....#
.....)..>.............##.#
########.##.####..##..##.#
#.##.# #..##..##.# #.##.#
#@§##.....# #.##.#
#○§##.....# ......
#hK######.# ...#.#. #w.#
#.# ..#.#.##..# #.#
..........# ###
.........## ^...!....#
#...#.#..#


You could see a dart slug, a jackal (inner flame) and a kobold (inner flame).

Vanquished Creatures
  2 bats (D:1)
  2 endoplasms (D:1)
  2 giant cockroaches (D:1)
  2 goblins (D:1)
  A hobgoblin (D:1)
  3 jackals (D:1)
  2 ball pythons (D:1)
  A frilled lizard (D:1)
15 creatures vanquished.

Notes
Turn   | Place    | Note
-------+----------+-------------------------------------------
     0 | D:1      | Fenrisus the Formicid Hunter began the quest for the Orb.
     0 | D:1      | Reached XP level 1. HP: 16/16 MP: 1/1
   120 | D:1      | Reached XP level 2. HP: 23/23 MP: 2/2
   452 | D:1      | Killed by an exploding jackal... ignited by their inner
                  | flame

Illustrated notes

Levels and vault maps discovered:
D:1:      scummos_arrival_hexagon, layout_basic, bh_walls_and_bars

Skill      XL: |  1  2 |
---------------+-------+-----
Dodging        | 2 |  2.1
Fighting       | |  2.4
Ranged Weapons | |  4.1
Stealth        | |  1.9

Action                   || total
-------------------------++-------
 Fire: Shortbow          ||    39
  Use: Scroll            ||     1
Armor: Scale mail        ||    24
Dodge: Dodged            ||    33

Table legend: (Time is in decaauts)
 A = Elapsed time spent in this place.
 B = Non-inter-level travel time spent in this place.
 C = Inter-level travel time spent in this place.
 D = Time resting spent in this place.
 E = Time spent auto-exploring this place.
 F = Levels seen in this place.
 G = Mean time per level.
                   A        B        C        D        E       F      G
               +--------+--------+--------+--------+--------+-----+--------+
         Total |    471 |     96 |    375 |      0 |      0 |   1 |  471.0 |
       Dungeon |    471 |     96 |    375 |      0 |      0 |   1 |  471.0 |
               +--------+--------+--------+--------+--------+-----+--------+

Top non-repeatable levels by time:
     D:1: 471 daAuts
